 Dungeon Crawl Stone Soup version 0.22-b1-26-g9dbaab1 (webtiles) character file.

19862 Doobh the Covert (level 13, -1/80 HPs)
             Began as a Kobold Assassin on Aug 8, 2018.
             Was a High Priest of Dithmenos.
             Slain by a sixfirhy (9 damage)
             ... summoned by an orc high priest
             ... on level 2 of the Orcish Mines.
             The game lasted 01:32:24 (24302 turns).

Doobh the Covert (Kobold Assassin)                 Turns: 24302, Time: 01:32:24

Health: -1/80      AC:  6    Str:  8    XL:     13   Next: 7%
Magic:  20/20      EV: 40    Int: 14    God:    Dithmenos [*****.]
Gold:   739        SH:  0    Dex: 22    Spells: 19/22 levels left

rFire    + . .     SeeInvis .   b - +0 blowgun
rCold    + . .     Gourm    .   (shield restricted)
rNeg     + . .     Faith    .   d - +2 robe {rC+ rF+}
rPois    +         Spirit   .   j - +0 helmet
rElec    .         Reflect  .   q - scarf {repulsion}
rCorr    .         Harm     .   (no gloves)
MR       .....                  m - +1 pair of boots
Stlth    ++++++++..             F - amulet of the acrobat
HPRegen  0.00/turn              E - ring of positive energy
MPRegen  0.17/turn              (no ring)

@: wreathed by umbra, repel missiles
A: small, carnivore, clever 1, deformed body, poison resistance, inhibited
regeneration
a: Shadow Step, Shadow Form, Renounce Religion


You were on level 2 of the Orcish Mines.
You worshipped Dithmenos.
Dithmenos was extremely pleased with you.
You were very full.

You visited 4 branches of the dungeon, and saw 16 of its levels.

You collected 1126 gold pieces.
You spent 387 gold pieces at shops.

Inventory:

Hand Weapons
 b - a +0 blowgun (weapon)
 i - a +2 short sword of freezing
 w - the +6 dagger of Subjectivity {flame, Str+5}
   (You bought it in a shop on level 8 of the Dungeon)

   It has been specially enchanted to burn those struck by it, causing extra
   injury to most foes and up to half again as much damage against particularly
   susceptible opponents.
   It affects your strength (+5).
 C - a +1 dagger of venom
 R - the +3 falchion of Spontaneous Combustion {flame, Str+2 Dex+4}
   (You found it on level 11 of the Dungeon)

   It has been specially enchanted to burn those struck by it, causing extra
   injury to most foes and up to half again as much damage against particularly
   susceptible opponents.
   Big, fiery blades are also staple armaments of hydra-hunters.
   It affects your strength (+2).
   It affects your dexterity (+4).
Missiles
 e - 15 poisoned needles (quivered)
 f - 2 curare-tipped needles
 Q - a needle of sleeping
Armour
 d - a +2 robe of resistance (worn)
 j - a +0 helmet (worn)
 m - a +1 pair of boots (worn)
 q - a scarf of repulsion (worn)
Jewellery
 E - a ring of positive energy (left hand)
 F - an amulet of the acrobat (around neck)
Wands
 k - a wand of polymorph (12)
 u - a wand of acid (7)
 y - a wand of random effects (44)
 G - a wand of flame (29)
 H - a wand of iceblast (13)
 N - a wand of paralysis (6)
Scrolls
 a - 3 scrolls of magic mapping
 h - 3 scrolls of remove curse
 n - 3 scrolls of enchant weapon
 r - 4 scrolls of fog
 I - a scroll of holy word
Potions
 l - a potion of agility {unknown}
 p - 2 potions of magic
 s - 2 potions of brilliance {unknown}
 t - a potion of resistance {unknown}
 v - a potion of lignification {unknown}
 x - 2 potions of might
 z - a potion of haste
 A - a potion of heal wounds
 B - 2 potions of curing
 M - a potion of flight
Comestibles
 g - 22 rations


   Skills:
 + Level 9.1 Fighting
 + Level 11.2 Short Blades
 - Level 8.0 Throwing
 + Level 10.2 Dodging
 - Level 12.0 Stealth
 * Level 5.0 Spellcasting
 - Level 6.0 Conjurations
 - Level 6.0 Hexes
 * Level 2.8 Invocations
 * Level 3.1 Evocations


You had 19 spell levels left.
You knew the following spells:

 Your Spells              Type           Power        Failure   Level  Hunger
a - Dazzling Spray        Conj/Hex       ###...       4%          3    ###....

Your spell library contained the following spells:

 Spells                   Type           Power        Failure   Level  Hunger
 Magic Dart               Conj           ###.         1%          1    None
 Iskenderun's Mystic Bla  Conj           ###.....     14%         4    ####...
 Stone Arrow              Conj/Erth      ##....       16%         3    ###....
 Passwall                 Tmut/Erth      #.......     26%         2    ##.....
 Lee's Rapid Deconstruct  Erth           #.........   99%         5    ######.
 Sandblast                Erth           #.....       17%         1    None
 Petrify                  Tmut/Erth      #.......     86%         4    ####...
 Fulminant Prism          Conj/Hex       ###.......   14%         4    ####...
 Force Lance              Conj/Tloc      ##......     45%         4    ####...
 Searing Ray              Conj           ###...       2%          2    ##.....


Dungeon Overview and Level Annotations

Branches:
Dungeon (12/15)            Temple (1/1) D:4            Lair (1/6) D:10
    Orc (2/2) D:11
    Elf: Orc:2

Altars:
Ashenzari
Dithmenos
Elyvilon
Fedhas
Gozag
Hepliaklqana
Kikubaaqudgha
Makhleb
Nemelex Xobeh
Okawaru
Qazlal
Ru
Sif Muna
Trog
Uskayaw
Vehumet
Wu Jian
Xom
Yredelemnul
Zin
The Shining One
Beogh

Shops:
D:8 *

Annotations:
D:10 3 runed doors, hawla's ghost, novice MiFi


Innate Abilities, Weirdness & Mutations

You are small and have problems with some larger weapons.
You are carnivorous and can eat meat at any time.
Your mind is acute. (Int +2)
Armour fits poorly on your strangely shaped body.
Your system is resistant to poisons. (rPois)
You do not regenerate when monsters are visible.


Message History

Beogh smites you! The sixfirhy completely misses you.
The sixfirhy completely misses you. x2; The sixfirhy misses you.
The hellwing disappears in a puff of smoke!
The sixfirhy completely misses you.
The sixfirhy hits you but does no damage.
The sixfirhy completely misses you. The sixfirhy closely misses you.
The orc high priest no longer looks unusually strong.
The orc knight roars a battlecry!
The orc high priest goes into a battle-frenzy!
The sixfirhy completely misses you. The sixfirhy completely misses you. x3
The sixfirhy completely misses you.
There is a stone staircase leading up here.
The sixfirhy misses you. The sixfirhy hits you! The sixfirhy shocks you!
* * * LOW HITPOINT WARNING * * *
The sixfirhy hits you.
* * * LOW HITPOINT WARNING * * *
The sixfirhy shocks you!
You die...

######.)......(...#### ##......
##.#.#.........(...##.###....#..
#.....[.##...(......(..#.....#..
##.......#................#...#.
###..)...............##.###....
##.......................##.<..
#.<.....#................##...#
##..##..................4......
#(..#...#.....@3....o.#.o......
##.##................o.........
#####........#................
#......................##.
#....#..................##
##.####..#....###....#.## ###
######### ########


You could see an orc knight, an orc high priest and a sixfirhy.

Vanquished Creatures
  4 two-headed ogres
  2 orc knights
  Pikel (D:6)
  A cyclops (D:9)
  An ugly thing (D:12)
  An orc sorcerer (Orc:1)
  A spiny frog (Lair:1)
  A gargoyle (D:10)
  8 trolls
  3 slime creatures
  A meliai zombie (D:11)
  Sigmund (D:4)
  The ghost of xfalz the Cudgeler, an amateur TrFi (D:4)
  12 yaks
  2 wyverns
  6 wargs
  A soldier ant (D:11)
  A porcupine (Lair:1)
  A slave (D:6)
  18 orc warriors
  A sky beast (D:12)
  9 ogres
  2 black bears
  2 phantoms (D:9)
  4 ice beasts
  3 wolves (Lair:1)
  6 centaurs
  A crocodile (D:11)
  2 big kobolds
  3 bullfrogs
  Blork the orc (D:4)
  A scorpion (D:6)
  A wyvern skeleton (D:11)
  7 wights
  5 killer bees (D:11)
  A howler monkey (D:6)
  3 crimson imps
  A quasit (D:11)
  A centaur zombie (D:5)
  Crazy Yiuf (D:6)
  2 bullfrog zombies
  9 hounds
  11 orc priests
  4 centaur skeletons
  4 bullfrog skeletons
  2 gnoll shamans (D:5)
  2 iguanas
  Natasha (thrice) (D:2)
  33 orc wizards
  15 worker ants
  A killer bee zombie (D:6)
  A worker ant zombie (D:5)
  A howler monkey skeleton (D:5)
  Robin (D:2)
  19 gnolls
  16 adders
  3 shadow imps
  4 oozes
  2 adder zombies
  3 adder skeletons
  9 leopard geckos
  63 orcs
  5 giant cockroaches
  12 goblins
  8 hobgoblins
  14 jackals
  3 quokkas
  3 ball pythons
  8 bats
  9 frilled lizards
  11 kobolds
  A quokka zombie (D:6)
  13 rats
  A plant (Lair:1)
418 creatures vanquished.

Notes
Turn   | Place    | Note
-------+----------+-------------------------------------------
     0 | D:1      | Doobh the Kobold Assassin began the quest for the Orb.
     0 | D:1      | Reached XP level 1. HP: 12/12 MP: 1/1
    46 | D:1      | Reached XP level 2. HP: 6/17 MP: 2/2
   370 | D:1      | Reached XP level 3. HP: 18/22 MP: 3/3
   609 | D:1      | Found a glowing golden altar of the Shining One.
  1012 | D:2      | Noticed Robin
  1285 | D:2      | Reached XP level 4. HP: 19/27 MP: 4/4
  1385 | D:2      | Killed Robin
  1542 | D:2      | Noticed Natasha
  1549 | D:2      | Killed Natasha
  1549 | D:2      | Reached XP level 5. HP: 32/32 MP: 5/5
  1675 | D:2      | Noticed Natasha
  1685 | D:2      | Killed Natasha
  1685 | D:2      | Reached skill level 6 in Stealth
  1713 | D:2      | Found a bloodstained altar of Trog.
  2069 | D:2      | Found a glowing silver altar of Zin.
  2083 | D:2      | Noticed Natasha
  2093 | D:2      | Killed Natasha
  2315 | D:3      | Found a sparkling altar of Nemelex Xobeh.
  2338 | D:3      | Reached XP level 6. HP: 16/37 MP: 6/6
  2852 | D:3      | Found a basalt altar of Yredelemnul.
  2908 | D:3      | Found a white marble altar of Elyvilon.
  3298 | D:4      | Reached skill level 5 in Short Blades
  3592 | D:4      | Noticed Blork the orc
  3623 | D:4      | Killed Blork the orc
  3623 | D:4      | Reached XP level 7. HP: 17/41 MP: 7/7
  4078 | D:4      | Noticed xfalz's ghost (amateur TrFi)
  4079 | D:4      | Found a runed gate.
  4080 | D:4      | Found a runed gate.
  4080 | D:4      | Found a runed gate.
  4167 | D:4      | Noticed Sigmund
  4174 | D:4      | Killed Sigmund
  4174 | D:4      | Reached skill level 5 in Dodging
  4506 | D:4      | Found a staircase to the Ecumenical Temple.
  4513 | Temple   | Entered the Ecumenical Temple
  4716 | Temple   | Became a worshipper of Dithmenos the Shadowed
  5107 | D:4      | Reached skill level 7 in Stealth
  5107 | D:4      | Reached XP level 8. HP: 48/48 MP: 8/8
  5139 | D:4      | Learned a level 3 spell: Dazzling Spray
  5239 | D:5      | Entered Level 5 of the Dungeon
  5576 | D:4      | Reached skill level 1 in Spellcasting
  5739 | D:5      | Found a stormy altar of Qazlal.
  6108 | D:5      | Found a blossoming altar of Fedhas.
  7246 | D:5      | Reached * piety under Dithmenos
  7261 | D:5      | Found a hazy altar of Hepliaklqana.
  7519 | D:6      | Reached XP level 9. HP: 35/53 MP: 13/13
  7546 | D:6      | Reached skill level 5 in Fighting
  7546 | D:6      | Reached skill level 8 in Stealth
  7808 | D:5      | Reached skill level 5 in Throwing
  8207 | D:6      | Reached skill level 1 in Hexes
  8975 | D:6      | Reached XP level 10. HP: 11/60 MP: 16/16
  9563 | D:6      | Found a deep blue altar of Sif Muna.
  9586 | D:6      | Reached skill level 9 in Stealth
  9607 | D:6      | Reached ** piety under Dithmenos
  9893 | D:6      | Noticed Pikel
  9928 | D:6      | Killed Pikel
 10203 | D:6      | Found a runed door.
 10207 | D:6      | Noticed Crazy Yiuf
 10223 | D:6      | Killed Crazy Yiuf
 10903 | D:7      | Reached skill level 1 in Conjurations
 11330 | D:8      | Noticed a two-headed ogre
 11390 | D:8      | Killed a two-headed ogre
 11858 | D:8      | Found a shimmering altar of Xom.
 11870 | D:8      | Found Ecunyl Piom's Assorted Antiques.
 11879 | D:8      | Bought a fine dagger for 182 gold pieces
 11879 | D:8      | Bought a potion of heal wounds for 130 gold pieces
 11879 | D:8      | Bought a smoky ruby potion for 23 gold pieces
 11879 | D:8      | Bought a scroll of identify for 52 gold pieces
 11880 | D:8      | Identified the +6 dagger of Subjectivity {flame, Str+5} (You bought it in a shop on level 8 of the Dungeon)
 12087 | D:8      | Noticed a two-headed ogre
 12244 | D:8      | Killed a two-headed ogre
 12244 | D:8      | Reached skill level 10 in Stealth
 12244 | D:8      | Reached XP level 11. HP: 30/67 MP: 17/17
 13175 | D:9      | Noticed a cyclops
 13206 | D:9      | Killed a cyclops
 13607 | D:9      | Found a radiant altar of Vehumet.
 13669 | D:10     | Entered Level 10 of the Dungeon
 13763 | D:10     | Reached *** piety under Dithmenos
 14123 | D:10     | Reached skill level 10 in Short Blades
 14201 | D:10     | Found a staircase to the Lair.
 14216 | D:10     | Found a runed gate.
 14217 | D:10     | Found a runed gate.
 14218 | D:10     | Found a runed gate.
 14220 | D:10     | Noticed hawla's ghost (novice MiFi)
 14496 | D:10     | Found a roughly hewn altar of Beogh.
 14547 | Lair:1   | Entered Level 1 of the Lair of Beasts
 14678 | Lair:1   | Reached skill level 11 in Stealth
 15175 | D:11     | Got a brightly glowing falchion
 15177 | D:11     | Identified the cursed +3 falchion of Spontaneous Combustion {flame, Str+2 Dex+4} (You found it on level 11 of the Dungeon)
 15495 | D:11     | Found a staircase to the Orcish Mines.
 15768 | D:11     | Reached **** piety under Dithmenos
 16010 | D:12     | Reached XP level 12. HP: 53/73 MP: 18/18
 16892 | D:12     | Reached skill level 5 in Conjurations
 16906 | D:12     | Found a shimmering altar of Xom.
 16989 | D:12     | Reached skill level 5 in Hexes
 17999 | D:4      | Killed xfalz's ghost
 18172 | Orc:1    | Entered Level 1 of the Orcish Mines
 19209 | D:11     | Gained mutation: Armour fits poorly on your strangely shaped body. [potion of mutation]
 19209 | D:11     | Gained mutation: You are partially covered in thin metallic scales. (AC +2) [potion of mutation]
 19209 | D:11     | Gained mutation: You occasionally shout uncontrollably at your foes. [potion of mutation]
 19209 | D:11     | Gained mutation: You are resistant to electric shocks. (rElec) [potion of mutation]
 19210 | D:11     | Lost mutation: You are resistant to electric shocks. (rElec) [potion of mutation]
 19210 | D:11     | Lost mutation: You are partially covered in thin metallic scales. (AC +2) [potion of mutation]
 19210 | D:11     | Lost mutation: You occasionally shout uncontrollably at your foes. [potion of mutation]
 19210 | D:11     | Gained mutation: Your system is resistant to poisons. (rPois) [potion of mutation]
 19210 | D:11     | Gained mutation: You do not regenerate when monsters are visible. [potion of mutation]
 19210 | D:11     | Gained mutation: Your mind is acute. (Int +2) [potion of mutation]
 19598 | Orc:1    | Noticed a two-headed ogre
 20071 | D:11     | Killed a two-headed ogre
 20094 | D:11     | Reached ***** piety under Dithmenos
 20475 | Orc:1    | Reached skill level 10 in Dodging
 20638 | Orc:1    | Reached skill level 12 in Stealth
 20921 | Orc:1    | Noticed a soul eater
 21324 | Orc:1    | Noticed a sixfirhy
 21348 | D:11     | Reached skill level 1 in Invocations
 21348 | D:11     | Reached skill level 1 in Evocations
 21609 | Orc:1    | Noticed a soul eater
 21908 | Orc:2    | Entered Level 2 of the Orcish Mines
 22597 | Orc:2    | Noticed a two-headed ogre
 22683 | Orc:1    | Killed a two-headed ogre
 23026 | Orc:1    | Reached XP level 13. HP: 80/80 MP: 20/20
 23999 | Orc:2    | Reached skill level 5 in Spellcasting
 24302 | Orc:2    | Slain by a sixfirhy

Skill      XL: |  1  2  3  4  5  6  7  8  9 10 11 12 13 |
---------------+----------------------------------------+-----
Short Blades   | 3 4 5 6 7 8 9 10 11 | 11.2
Dodging        | 2 3 4 5 6 7 8 9 10 | 10.2
Stealth        | 6 7 8 10 11 12 | 12.0
Fighting       | 3 4 5 7 8 9 |  9.1
Throwing       | 3 4 5 6 8 |  8.0
Spellcasting   | 2 4 5 |  5.0
Hexes          | 2 4 6 |  6.0
Conjurations   | 3 4 6 |  6.0
Invocations    | 2 |  2.8
Evocations     | 2 3 |  3.1

Action                   |  1- 3 |  4- 6 |  7- 9 | 10-12 | 13-15 || total
-------------------------+-------+-------+-------+-------+-------++-------
Melee: Dagger            |   142 |   209 |   537 |   899 |    37 ||  1824
       Short sword       |       |       |       |   258 |       ||   258
 Fire: Blowgun           |       |    16 |    10 |    70 |    45 ||   141
 Cast: Dazzling Spray    |       |       |       |     6 |     1 ||     7
Evoke: Wand              |       |       |     2 |     1 |       ||     3
  Use: Scroll            |     6 |       |     3 |    11 |     4 ||    24
       Potion            |     2 |     1 |     4 |     7 |       ||    14
 Stab: Sleeping          |     3 |    19 |    16 |    41 |       ||    79
       Distracted        |       |       |       |    11 |       ||    11
       Invisible         |       |       |       |     3 |     1 ||     4
  Eat: Chunk             |    10 |     7 |    17 |    41 |     7 ||    82
Armor: Robe              |    31 |    29 |    18 |    35 |     3 ||   116
Dodge: Dodged            |   151 |   124 |   346 |   789 |    60 ||  1470
       Deflected         |       |       |     4 |     8 |       ||    12
